BlackHawks vs Rangers

Created - December-14-14 at 10:00

Goals
1 2 3 T
BlackHawks 1 0 1 2
Rangers 0 0 1 1
Shots
1 2 3 T
BlackHawks 6 9 10 25
Rangers 15 10 13 38

1st period

1. BlackHawks , Jared Boll 1 (Trevor Lewis, Jarred Tinordi) at 17:48

Penalties :
Chris Stewart (CHI) for Cross-checking (Minor) at 1:28, Chris Stewart (CHI) for Holding (Minor) at 10:32, Tomas Tatar (NYR) for Hooking (Minor) at 12:48, Kevin Bieksa (CHI) for Tripping (Minor) at 15:14

2nd period

No Goal

Penalties :
David Clarkson (CHI) for Hooking (Minor) at 3:04, Sean Couturier (NYR) for Hooking (Minor) at 11:02, Derek Morris (NYR) for Interference (Minor) at 19:05, Dion Phaneuf (CHI) for Holding (Minor) at 19:25

3rd period

2. Rangers , Karl Alzner 6 (Derek Morris) at 17:09
3. BlackHawks , Jarred Tinordi 3 (Dion Phaneuf, Lars Eller) at 18:00 (PP)

Penalties :
Patrick Bordeleau (CHI) for Hooking (Minor) at 2:10, Tomas Tatar (NYR) for Interference (Minor) at 11:41, Devin Setoguchi (NYR) for Charging (Minor) at 17:10

Goalie Stats

Eddie Lack (CHI), 37 saves from 38 shots - (0.974), W, 7-10-2, 60:00 minutes
Brian Elliott (NYR), 23 saves from 25 shots - (0.920), L, 9-3-3, 59:28 minutes

Players Stats for BlackHawks

Player Name              G  A  P  +/- PIM S  H  SB GA TA FO     MP     PP MP  PK MP  
------------------------------------------------------------------------------------
Alex Galchenyuk          0  0  0  -1  0   7  0  0  0  0  4/14   19:29   2:58   0:58 
Alexei Emelin            0  0  0  -1  0   2  2  0  0  0  0/0    17:20   2:58   0:02 
Brandon Bollig           0  0  0   0  0   0  2  0  0  0  8/21   16:43   2:58   5:49 
Chris Stewart            0  0  0  -1  4   3  1  0  0  0  0/0    16:50   2:58   0:00 
David Clarkson           0  0  0   0  2   0  1  0  0  0  0/1    15:46   4:09   0:00 
Dion Phaneuf             0  1  1   0  2   0  3  7  0  0  0/0    26:18   4:08   5:41 
Dwight King              0  0  0   1  0   2  1  0  0  0  0/0    17:07   4:09   3:48 
Jared Boll               1  0  1   1  0   1  0  0  0  0  0/0     7:31   0:00   0:00 
Jarred Tinordi           1  1  2   1  0   1  1  1  0  0  0/0    21:05   4:09   0:46 
Kevin Bieksa             0  0  0  -1  2   0  3  0  0  0  0/0    19:18   0:00   3:56 
Lars Eller               0  1  1  -1  0   2  1  2  0  0  12/24  18:42   4:09   0:00 
Luke Schenn              0  0  0   0  0   1  5  0  0  0  0/0    19:17   2:58   5:14 
Matt Greene              0  0  0   1  0   1  1  3  0  0  0/0    16:40   0:00   4:51 
Nathan Horton            0  0  0   0  0   1  0  0  0  0  9/15   11:38   0:00   0:00 
Patrick Bordeleau        0  0  0   0  2   0  1  0  0  0  1/1    11:37   0:00   0:00 
Rene Bourque             0  0  0   0  0   1  0  0  0  0  1/1     7:17   0:00   0:00 
Trevor Lewis             0  1  1   1  0   1  0  0  0  0  9/14   12:04   0:00   3:54 
Zack Kassian             0  0  0   0  0   2  1  1  0  0  0/1    13:18   0:00   6:01 

Players Stats for Rangers

Player Name              G  A  P  +/- PIM S  H  SB GA TA FO     MP     PP MP  PK MP  
------------------------------------------------------------------------------------
Alex Goligoski           0  0  0  -1  0   5  1  2  0  0  0/0    27:34   5:43   2:55 
Benoit Pouliot           0  0  0  -1  0   0  1  0  0  0  0/0     2:31   0:00   0:17 
Bryan Allen              0  0  0   0  0   0  1  0  0  0  0/0     2:05   0:00   0:00 
Chris Tanev              0  0  0   0  0   1  2  2  0  0  0/0    19:25   1:07   4:12 
Craig Smith              0  0  0   0  0   0  1  0  0  0  0/1    18:02   5:16   0:00 
David Legwand            0  0  0   1  0   2  1  0  0  0  7/12   13:45   0:00   0:30 
Derek Morris             0  1  1   1  2   2  1  1  0  0  0/0    14:11   4:36   0:00 
Devin Setoguchi          0  0  0   1  2   0  0  0  0  0  0/1    13:01   0:00   0:00 
Frans Nielsen            0  0  0   0  0   3  3  0  0  0  19/36  22:39   4:59   2:48 
Jaromir Jagr             0  0  0  -1  0   6  0  0  0  0  1/2    23:34   4:59   1:19 
Karl Alzner              1  0  1   1  0   1  0  0  0  0  0/0    17:41   4:32   2:55 
Kris Russell             0  0  0  -1  0   7  1  0  0  0  0/0    25:35   4:32   4:12 
Lubomir Visnovsky        0  0  0   0  0   0  0  0  0  0  0/0    13:28   0:00   0:00 
Mark Letestu             0  0  0  -1  0   0  0  0  0  0  3/3     2:14   0:00   0:00 
Mikael Backlund          0  0  0   0  0   2  5  0  0  0  1/1    22:57   5:16   5:31 
Sean Couturier           0  0  0   0  2   4  1  1  0  0  17/32  21:21   5:16   3:49 
Tomas Tatar              0  0  0   1  4   1  0  0  0  0  0/1    13:10   0:00   0:00 
Tyler Ennis              0  0  0   0  0   4  3  0  0  0  0/3    17:56   4:59   0:00 

3 Stars

1 - Eddie Lack (CHI)
2 - Jarred Tinordi (CHI)
3 - Karl Alzner (NYR)

Power Play

BlackHawks - 1 on 5 Attempt(s) - 20.00%
Rangers - 0 on 6 Attempt(s) - 0.00%

Penalty Kill

BlackHawks - 6 on 6 Attempt(s) - 100.00% - Score 0 goal in Penalty Kill
Rangers - 4 on 5 Attempt(s) - 80.00% - Score 0 goal in Penalty Kill

Team Stat

BlackHawks - Hits : 23 - Faceoff Wins : 44 - Blocked Shots : 14 - Penalty Minutes : 12
Rangers - Hits : 21 - Faceoff Wins : 48 - Blocked Shots : 6 - Penalty Minutes : 10

Official

Referees : Brad Meier and Francois StLaurent
Linesman : Scott Cherrey and Greg Devorski

Game Notes

No Game Note

Finance

Level 1 -- Attendance: 4317 (66.42%) -- Ticket Income $539,625
Level 2 -- Attendance: 5000 (100.00%) -- Ticket Income $375,000
Level 3 -- Attendance: 3218 (91.94%) -- Ticket Income $160,900
Level 4 -- Attendance: 2200 (100.00%) -- Ticket Income $55,000
Luxury Box -- Attendance: 717 (71.70%) -- Ticket Income $179,250
Game was played at the Madison Square Garden'
Total Attendance: 15452 (84.90%)
Total Ticket Income: $1,309,775
Other Income: $196,466
Total Income: $1,506,241

% Time on Ice - BlackHawks

Lines # - Real PCT - Wanted PCT - Time Play
Normal Forward
1 - 34% - 32% - 13:54
2 - 29% - 28% - 11:38
3 - 18% - 20% - 7:17
4 - 19% - 20% - 7:31
Normal Defense
1 - 39% - 40% - 15:50
2 - 32% - 32% - 13:05
3 - 27% - 28% - 11:05
4 - 1% - 0% - 0:20
PP Forward
1 - 42% - 55% - 2:58
2 - 58% - 45% - 4:09
PP Defense
1 - 58% - 60% - 4:09
2 - 42% - 40% - 2:58
PK Forward
1 - 62% - 55% - 6:21
2 - 38% - 45% - 3:54
PK Defense
1 - 47% - 55% - 4:47
2 - 53% - 45% - 5:28
PK3 Forward
1 - 0% - 50%
2 - 0% - 50%
PK3 Defense
1 - 0% - 55%
2 - 0% - 45%
44 Forward
1 - 100% - 55% - 1:39
2 - 0% - 45% - 0:00
44 Defense
1 - 100% - 55% - 1:39
2 - 0% - 45% - 0:00
Last Minute Offensive  - 0:00
Last Minute Defensive  - 0:39
Total
Forward - 60:00
Defense - 60:00

% Time on Ice - Rangers

Lines # - Real PCT - Wanted PCT - Time Play
Normal Forward
1 - 32% - 40% - 12:57
2 - 30% - 30% - 11:57
3 - 32% - 20% - 13:02
4 - 6% - 10% - 2:14
Normal Defense
1 - 37% - 40% - 15:01
2 - 34% - 30% - 13:28
3 - 24% - 20% - 9:36
4 - 5% - 10% - 2:05
PP Forward
1 - 49% - 60% - 4:59
2 - 51% - 40% - 5:16
PP Defense
1 - 56% - 60% - 5:43
2 - 44% - 40% - 4:32
PK Forward
1 - 81% - 60% - 5:48
2 - 19% - 40% - 1:19
PK Defense
1 - 59% - 60% - 4:12
2 - 41% - 40% - 2:55
PK3 Forward
1 - 0% - 60%
2 - 0% - 40%
PK3 Defense
1 - 0% - 60%
2 - 0% - 40%
44 Forward
1 - 87% - 60% - 1:26
2 - 13% - 40% - 0:13
44 Defense
1 - 72% - 60% - 1:11
2 - 28% - 40% - 0:28
Last Minute Offensive  - 0:49
Last Minute Defensive  - 0:00
Total
Forward - 60:00
Defense - 60:00

Play by Play

1st period


0:01 of 1st period - Lars Eller wins face-off versus Frans Nielsen in neutral zone.
0:03 of 1st period - Jarred Tinordi is hit by Tyler Ennis.
0:07 of 1st period - Shot by Alex Galchenyuk.
0:07 of 1st period - Stopped by Brian Elliott without a rebound.
0:08 of 1st period - Sean Couturier wins face-off versus Nathan Horton in Rangers zone.
0:31 of 1st period - Shot by Sean Couturier.
0:31 of 1st period - Stopped by Eddie Lack without a rebound.
0:32 of 1st period - David Legwand wins face-off versus Brandon Bollig in BlackHawks zone.
1:01 of 1st period - Shot by Zack Kassian.
1:01 of 1st period - Shot Misses the Net.
1:03 of 1st period - Shot by Zack Kassian.
1:03 of 1st period - Stopped by Brian Elliott with a rebound.
1:07 of 1st period - Shot by Rene Bourque.
1:07 of 1st period - Deflect By Brandon Bollig.
1:07 of 1st period - Shot Misses the Net.
1:27 of 1st period - Karl Alzner is hit by Lars Eller.
1:28 of 1st period - Minor Penalty to Chris Stewart for Cross-checking.
1:29 of 1st period - Trevor Lewis wins face-off versus Frans Nielsen in BlackHawks zone.
2:04 of 1st period - Shot by Dwight King.
2:04 of 1st period - Shot Misses the Net.
2:44 of 1st period - Kris Russell is hit by Kevin Bieksa and loses puck.
2:57 of 1st period - Shot by Mikael Backlund.
2:57 of 1st period - Stopped by Eddie Lack without a rebound.
2:58 of 1st period - Sean Couturier wins face-off versus Brandon Bollig in BlackHawks zone.
3:18 of 1st period - Shot by Kris Russell.
3:18 of 1st period - Shot Blocked by Dion Phaneuf.
3:24 of 1st period - Shot by Sean Couturier.
3:24 of 1st period - Shot Blocked by Dion Phaneuf.
4:05 of 1st period - Tomas Tatar is hit by Patrick Bordeleau and loses puck.
4:13 of 1st period - Icing by Bryan Allen.
4:14 of 1st period - David Legwand wins face-off versus Lars Eller in Rangers zone.
4:27 of 1st period - Icing by Dion Phaneuf.
4:28 of 1st period - Lars Eller wins face-off versus Jaromir Jagr in BlackHawks zone.
4:51 of 1st period - Shot by Tyler Ennis.
4:51 of 1st period - Shot Misses the Net.
4:53 of 1st period - Shot by Frans Nielsen.
4:53 of 1st period - Shot Misses the Net.
5:26 of 1st period - Icing by Chris Tanev.
5:27 of 1st period - Trevor Lewis wins face-off versus Frans Nielsen in Rangers zone.
6:07 of 1st period - Shot by Craig Smith.
6:07 of 1st period - Shot Misses the Net.
6:13 of 1st period - Shot by Sean Couturier.
6:13 of 1st period - Stopped by Eddie Lack without a rebound.
6:14 of 1st period - Nathan Horton wins face-off versus David Legwand in BlackHawks zone.
6:37 of 1st period - David Legwand is hit by Kevin Bieksa and loses puck.
6:46 of 1st period - Shot by Kevin Bieksa.
6:46 of 1st period - Shot Misses the Net.
6:52 of 1st period - Shot by David Legwand.
6:52 of 1st period - Stopped by Eddie Lack with a rebound.
7:44 of 1st period - Shot by Lars Eller.
7:44 of 1st period - Stopped by Brian Elliott without a rebound.
7:45 of 1st period - Sean Couturier wins face-off versus Zack Kassian in Rangers zone.
7:45 of 1st period - Sean Couturier is hit by Brandon Bollig.
8:07 of 1st period - Karl Alzner is hit by Luke Schenn.
8:10 of 1st period - Icing by Matt Greene.
8:11 of 1st period - Jaromir Jagr wins face-off versus Brandon Bollig in BlackHawks zone.
9:19 of 1st period - Shot by Alex Galchenyuk.
9:19 of 1st period - Shot Misses the Net.
9:33 of 1st period - Kevin Bieksa is hit by Sean Couturier and loses puck.
9:43 of 1st period - Mikael Backlund is hit by Alexei Emelin and loses puck.
10:04 of 1st period - Icing by David Legwand.
10:05 of 1st period - David Legwand wins face-off versus Nathan Horton in Rangers zone.
10:31 of 1st period - Off-side.
10:32 of 1st period - Frans Nielsen wins face-off versus Lars Eller in neutral zone.
10:32 of 1st period - Minor Penalty to Chris Stewart for Holding.
10:33 of 1st period - Brandon Bollig wins face-off versus Frans Nielsen in BlackHawks zone.
11:07 of 1st period - Shot by Derek Morris.
11:07 of 1st period - Shot Blocked by Dion Phaneuf.
11:13 of 1st period - Shot by Alex Goligoski.
11:13 of 1st period - Shot Blocked by Matt Greene.
11:15 of 1st period - Shot by Derek Morris.
11:15 of 1st period - Shot Blocked by Zack Kassian.
11:17 of 1st period - Shot by Derek Morris.
11:17 of 1st period - Deflect By Tyler Ennis.
11:17 of 1st period - Shot Misses the Net.
11:51 of 1st period - Shot by Kris Russell.
11:51 of 1st period - Stopped by Eddie Lack without a rebound.
11:52 of 1st period - Trevor Lewis wins face-off versus Sean Couturier in BlackHawks zone.
12:47 of 1st period - Shot by Tomas Tatar.
12:47 of 1st period - Shot Misses the Net.
12:48 of 1st period - Minor Penalty to Tomas Tatar for Hooking.
12:49 of 1st period - Sean Couturier wins face-off versus Lars Eller in Rangers zone.
13:24 of 1st period - Icing by Lars Eller.
13:25 of 1st period - Frans Nielsen wins face-off versus David Clarkson in BlackHawks zone.
13:52 of 1st period - Sean Couturier is hit by Dion Phaneuf and loses puck.
14:47 of 1st period - Karl Alzner is hit by Brandon Bollig and loses puck.
15:00 of 1st period - Shot by Rene Bourque.
15:00 of 1st period - Stopped by Brian Elliott with a rebound.
15:14 of 1st period - Minor Penalty to Kevin Bieksa for Tripping.
15:15 of 1st period - Alex Galchenyuk wins face-off versus Frans Nielsen in BlackHawks zone.
15:38 of 1st period - Shot by Alex Goligoski.
15:38 of 1st period - Stopped by Eddie Lack without a rebound.
15:39 of 1st period - Frans Nielsen wins face-off versus Trevor Lewis in BlackHawks zone.
15:40 of 1st period - Shot by Jaromir Jagr.
15:40 of 1st period - Stopped by Eddie Lack without a rebound.
15:41 of 1st period - Frans Nielsen wins face-off versus Brandon Bollig in BlackHawks zone.
15:44 of 1st period - Shot by Frans Nielsen.
15:44 of 1st period - Stopped by Eddie Lack without a rebound.
15:45 of 1st period - Frans Nielsen wins face-off versus Brandon Bollig in BlackHawks zone.
15:49 of 1st period - Jaromir Jagr is hit by Dion Phaneuf.
15:53 of 1st period - Shot by Tyler Ennis.
15:53 of 1st period - Shot Misses the Net.
16:07 of 1st period - Shot by Jaromir Jagr.
16:07 of 1st period - Deflect By Tyler Ennis.
16:07 of 1st period - Stopped by Eddie Lack without a rebound.
16:08 of 1st period - Trevor Lewis wins face-off versus Sean Couturier in BlackHawks zone.
16:16 of 1st period - Mikael Backlund is hit by Luke Schenn and loses puck.
16:19 of 1st period - Shot by Alex Goligoski.
16:19 of 1st period - Stopped by Eddie Lack without a rebound.
16:20 of 1st period - Brandon Bollig wins face-off versus Frans Nielsen in BlackHawks zone.
16:20 of 1st period - Luke Schenn is hit by Frans Nielsen and loses puck.
16:25 of 1st period - Shot by Kris Russell.
16:25 of 1st period - Stopped by Eddie Lack without a rebound.
16:26 of 1st period - Brandon Bollig wins face-off versus Frans Nielsen in BlackHawks zone.
16:37 of 1st period - Shot by Tyler Ennis.
16:37 of 1st period - Deflect By Jaromir Jagr.
16:37 of 1st period - Stopped by Eddie Lack without a rebound.
16:38 of 1st period - Trevor Lewis wins face-off versus Sean Couturier in BlackHawks zone.
16:48 of 1st period - Icing by Craig Smith.
16:49 of 1st period - Brandon Bollig wins face-off versus Sean Couturier in Rangers zone.
16:54 of 1st period - Shot by Zack Kassian.
16:54 of 1st period - Deflect By Brandon Bollig.
16:54 of 1st period - Shot Misses the Net.
16:56 of 1st period - Shot by Brandon Bollig.
16:56 of 1st period - Shot Blocked by Alex Goligoski.
17:10 of 1st period - Shot by Dion Phaneuf.
17:10 of 1st period - Shot Hit the Post.
17:12 of 1st period - Shot by Zack Kassian.
17:12 of 1st period - Shot Blocked by Derek Morris.
17:22 of 1st period - Shot by Lubomir Visnovsky.
17:22 of 1st period - Shot Misses the Net.
17:28 of 1st period - Shot by Tyler Ennis.
17:28 of 1st period - Stopped by Eddie Lack without a rebound.
17:29 of 1st period - Mark Letestu wins face-off versus Trevor Lewis in BlackHawks zone.
17:29 of 1st period - Mark Letestu is hit by Matt Greene.
17:48 of 1st period - Shot by Jared Boll.
17:48 of 1st period - Goal by Jared Boll - BlackHawks : 1 - Rangers : 0.
17:49 of 1st period - Lars Eller wins face-off versus Sean Couturier in neutral zone.
17:56 of 1st period - Shot by Alex Galchenyuk.
17:56 of 1st period - Stopped by Brian Elliott without a rebound.
17:57 of 1st period - Frans Nielsen wins face-off versus Lars Eller in Rangers zone.
18:06 of 1st period - Shot by Tyler Ennis.
18:06 of 1st period - Deflect By Jaromir Jagr.
18:06 of 1st period - Shot Blocked by Lars Eller.
18:08 of 1st period - Shot by Kris Russell.
18:08 of 1st period - Stopped by Eddie Lack with a rebound.
18:22 of 1st period - Shot by Jaromir Jagr.
18:22 of 1st period - Deflect By Tyler Ennis.
18:22 of 1st period - Shot Blocked by Dion Phaneuf.
18:24 of 1st period - Shot by Frans Nielsen.
18:24 of 1st period - Shot Misses the Net.
18:32 of 1st period - Shot by Frans Nielsen.
18:32 of 1st period - Shot Blocked by Dion Phaneuf.
19:16 of 1st period - Shot by Mikael Backlund.
19:16 of 1st period - Stopped by Eddie Lack with a rebound.
19:54 of 1st period - Shot by Karl Alzner.
19:54 of 1st period - Shot Blocked by Lars Eller.
Goals for this period are 1 for BlackHawks vs 0 for Rangers.
Shots for this period are 6 for BlackHawks vs 15 for Rangers.

2nd period


0:01 of 2nd period - Nathan Horton wins face-off versus Frans Nielsen in neutral zone.
0:29 of 2nd period - Shot by Frans Nielsen.
0:29 of 2nd period - Deflect By Tyler Ennis.
0:29 of 2nd period - Shot Misses the Net.
2:57 of 2nd period - Icing by Derek Morris.
2:58 of 2nd period - Nathan Horton wins face-off versus David Legwand in Rangers zone.
3:04 of 2nd period - Minor Penalty to David Clarkson for Hooking.
3:05 of 2nd period - Sean Couturier wins face-off versus Brandon Bollig in BlackHawks zone.
3:41 of 2nd period - Icing by Alex Goligoski.
3:42 of 2nd period - Brandon Bollig wins face-off versus Craig Smith in Rangers zone.
4:33 of 2nd period - Shot by Frans Nielsen.
4:33 of 2nd period - Shot Misses the Net.
4:35 of 2nd period - Shot by Tyler Ennis.
4:35 of 2nd period - Stopped by Eddie Lack with a rebound.
4:37 of 2nd period - Shot by Kris Russell.
4:37 of 2nd period - Stopped by Eddie Lack without a rebound.
4:38 of 2nd period - Frans Nielsen wins face-off versus Trevor Lewis in BlackHawks zone.
4:39 of 2nd period - Shot by Karl Alzner.
4:39 of 2nd period - Shot Misses the Net.
4:41 of 2nd period - Shot by Kris Russell.
4:41 of 2nd period - Stopped by Eddie Lack without a rebound.
4:42 of 2nd period - Brandon Bollig wins face-off versus Tyler Ennis in BlackHawks zone.
5:01 of 2nd period - Shot by Kris Russell.
5:01 of 2nd period - Shot Misses the Net.
5:03 of 2nd period - Shot by Jaromir Jagr.
5:03 of 2nd period - Stopped by Eddie Lack without a rebound.
5:04 of 2nd period - Patrick Bordeleau wins face-off versus David Legwand in BlackHawks zone.
5:17 of 2nd period - Shot by Alexei Emelin.
5:17 of 2nd period - Stopped by Brian Elliott without a rebound.
5:18 of 2nd period - Lars Eller wins face-off versus Sean Couturier in Rangers zone.
6:10 of 2nd period - Off-side.
6:11 of 2nd period - Nathan Horton wins face-off versus Tyler Ennis in neutral zone.
6:26 of 2nd period - Shot by Nathan Horton.
6:26 of 2nd period - Stopped by Brian Elliott with a rebound.
6:28 of 2nd period - Shot by Nathan Horton.
6:28 of 2nd period - Shot Blocked by Chris Tanev.
6:30 of 2nd period - Shot by Kevin Bieksa.
6:30 of 2nd period - Shot Misses the Net.
6:39 of 2nd period - David Clarkson is hit by Chris Tanev and loses puck.
6:51 of 2nd period - Off-side.
6:52 of 2nd period - David Legwand wins face-off versus Brandon Bollig in neutral zone.
7:29 of 2nd period - David Legwand is hit by Luke Schenn and loses puck.
7:36 of 2nd period - Shot by Tomas Tatar.
7:36 of 2nd period - Shot Misses the Net.
8:11 of 2nd period - Shot by Lars Eller.
8:11 of 2nd period - Stopped by Brian Elliott without a rebound.
8:12 of 2nd period - Frans Nielsen wins face-off versus Nathan Horton in Rangers zone.
8:21 of 2nd period - Shot by Jaromir Jagr.
8:21 of 2nd period - Stopped by Eddie Lack without a rebound.
8:22 of 2nd period - Trevor Lewis wins face-off versus Frans Nielsen in BlackHawks zone.
8:22 of 2nd period - Trevor Lewis is hit by Tyler Ennis.
9:02 of 2nd period - Icing by Jaromir Jagr.
9:03 of 2nd period - Frans Nielsen wins face-off versus Nathan Horton in Rangers zone.
9:30 of 2nd period - Shot by Sean Couturier.
9:30 of 2nd period - Shot Misses the Net.
10:06 of 2nd period - Off-side.
10:07 of 2nd period - Brandon Bollig wins face-off versus Devin Setoguchi in neutral zone.
10:07 of 2nd period - Dion Phaneuf is hit by David Legwand.
10:35 of 2nd period - Shot by Devin Setoguchi.
10:35 of 2nd period - Shot Blocked by Dion Phaneuf.
10:37 of 2nd period - Shot by Devin Setoguchi.
10:37 of 2nd period - Shot Misses the Net.
10:39 of 2nd period - Shot by Derek Morris.
10:39 of 2nd period - Shot Misses the Net.
10:41 of 2nd period - Shot by Devin Setoguchi.
10:41 of 2nd period - Shot Blocked by Jarred Tinordi.
10:43 of 2nd period - Shot by David Legwand.
10:43 of 2nd period - Stopped by Eddie Lack with a rebound.
10:45 of 2nd period - Shot by Derek Morris.
10:45 of 2nd period - Stopped by Eddie Lack without a rebound.
10:46 of 2nd period - Lars Eller wins face-off versus Frans Nielsen in BlackHawks zone.
10:57 of 2nd period - Shot by Lubomir Visnovsky.
10:57 of 2nd period - Shot Misses the Net.
11:00 of 2nd period - Icing by Luke Schenn.
11:01 of 2nd period - Lars Eller wins face-off versus Sean Couturier in BlackHawks zone.
11:01 of 2nd period - Lars Eller is hit by Mikael Backlund.
11:02 of 2nd period - Minor Penalty to Sean Couturier for Hooking.
11:03 of 2nd period - Mikael Backlund wins face-off versus Lars Eller in Rangers zone.
11:08 of 2nd period - Luke Schenn is hit by Mikael Backlund and loses puck.
11:12 of 2nd period - Icing by Luke Schenn.
11:13 of 2nd period - Frans Nielsen wins face-off versus Lars Eller in BlackHawks zone.
11:46 of 2nd period - Shot by Alexei Emelin.
11:46 of 2nd period - Shot Misses the Net.
12:06 of 2nd period - Kris Russell is hit by David Clarkson and loses puck.
12:17 of 2nd period - Shot by Alex Galchenyuk.
12:17 of 2nd period - Stopped by Brian Elliott without a rebound.
12:18 of 2nd period - Frans Nielsen wins face-off versus Alex Galchenyuk in Rangers zone.
12:18 of 2nd period - Frans Nielsen is hit by Chris Stewart.
12:25 of 2nd period - Shot by Chris Stewart.
12:25 of 2nd period - Stopped by Brian Elliott without a rebound.
12:26 of 2nd period - Frans Nielsen wins face-off versus Alex Galchenyuk in Rangers zone.
12:32 of 2nd period - Icing by Jarred Tinordi.
12:33 of 2nd period - Alex Galchenyuk wins face-off versus Frans Nielsen in BlackHawks zone.
12:33 of 2nd period - Alex Galchenyuk is hit by Mikael Backlund.
12:48 of 2nd period - Shot by Alex Galchenyuk.
12:48 of 2nd period - Stopped by Brian Elliott with a rebound.
12:50 of 2nd period - Shot by Dion Phaneuf.
12:50 of 2nd period - Shot Misses the Net.
12:56 of 2nd period - Shot by Chris Stewart.
12:56 of 2nd period - Stopped by Brian Elliott without a rebound.
12:57 of 2nd period - David Legwand wins face-off versus Lars Eller in Rangers zone.
13:11 of 2nd period - Off-side.
13:12 of 2nd period - Mark Letestu wins face-off versus Alex Galchenyuk in neutral zone.
13:22 of 2nd period - Icing by Benoit Pouliot.
13:23 of 2nd period - Mark Letestu wins face-off versus Nathan Horton in Rangers zone.
13:48 of 2nd period - Shot by Jaromir Jagr.
13:48 of 2nd period - Shot Misses the Net.
14:41 of 2nd period - Lars Eller is hit by Alex Goligoski and loses puck.
14:50 of 2nd period - Chris Stewart is hit by Benoit Pouliot and loses puck.
16:10 of 2nd period - Shot by Alexei Emelin.
16:10 of 2nd period - Stopped by Brian Elliott with a rebound.
16:41 of 2nd period - Rene Bourque is hit by Derek Morris and loses puck.
16:59 of 2nd period - Icing by Jarred Tinordi.
17:00 of 2nd period - Frans Nielsen wins face-off versus Nathan Horton in BlackHawks zone.
17:01 of 2nd period - Shot by Jaromir Jagr.
17:01 of 2nd period - Stopped by Eddie Lack with a rebound.
17:31 of 2nd period - Shot by Jaromir Jagr.
17:31 of 2nd period - Stopped by Eddie Lack with a rebound.
17:33 of 2nd period - Shot by Tyler Ennis.
17:33 of 2nd period - Shot Misses the Net.
17:35 of 2nd period - Shot by Chris Tanev.
17:35 of 2nd period - Stopped by Eddie Lack without a rebound.
17:36 of 2nd period - Lars Eller wins face-off versus Sean Couturier in BlackHawks zone.
19:04 of 2nd period - Shot by Dwight King.
19:04 of 2nd period - Shot Misses the Net.
19:05 of 2nd period - Minor Penalty to Derek Morris for Interference.
19:06 of 2nd period - Alex Galchenyuk wins face-off versus Sean Couturier in Rangers zone.
19:09 of 2nd period - Shot by Jarred Tinordi.
19:09 of 2nd period - Shot Misses the Net.
19:11 of 2nd period - Shot by Chris Stewart.
19:11 of 2nd period - Deflect By Alex Galchenyuk.
19:11 of 2nd period - Stopped by Brian Elliott without a rebound.
19:12 of 2nd period - Sean Couturier wins face-off versus Alex Galchenyuk in Rangers zone.
19:24 of 2nd period - Icing by Dion Phaneuf.
19:25 of 2nd period - Sean Couturier wins face-off versus Alex Galchenyuk in BlackHawks zone.
19:25 of 2nd period - Minor Penalty to Dion Phaneuf for Holding.
19:26 of 2nd period - Frans Nielsen wins face-off versus Alex Galchenyuk in BlackHawks zone.
19:44 of 2nd period - Icing by Kevin Bieksa.
19:45 of 2nd period - Alex Galchenyuk wins face-off versus Frans Nielsen in BlackHawks zone.
Goals for this period are 0 for BlackHawks vs 0 for Rangers.
Shots for this period are 9 for BlackHawks vs 10 for Rangers.

3rd period


0:01 of 3rd period - Frans Nielsen wins face-off versus Alex Galchenyuk in neutral zone.
0:10 of 3rd period - Dwight King is hit by Frans Nielsen and loses puck.
1:10 of 3rd period - Shot by Alex Goligoski.
1:10 of 3rd period - Stopped by Eddie Lack without a rebound.
1:11 of 3rd period - Brandon Bollig wins face-off versus Sean Couturier in BlackHawks zone.
1:22 of 3rd period - Shot by Mikael Backlund.
1:22 of 3rd period - Shot Blocked by Matt Greene.
2:10 of 3rd period - Minor Penalty to Patrick Bordeleau for Hooking.
2:11 of 3rd period - Frans Nielsen wins face-off versus Brandon Bollig in BlackHawks zone.
2:18 of 3rd period - Shot by Kris Russell.
2:18 of 3rd period - Stopped by Eddie Lack without a rebound.
2:19 of 3rd period - Frans Nielsen wins face-off versus Brandon Bollig in BlackHawks zone.
2:38 of 3rd period - Shot by Alex Goligoski.
2:38 of 3rd period - Shot Hit the Post.
2:40 of 3rd period - Shot by Alex Goligoski.
2:40 of 3rd period - Stopped by Eddie Lack without a rebound.
2:41 of 3rd period - Sean Couturier wins face-off versus Brandon Bollig in BlackHawks zone.
2:42 of 3rd period - Shot by Mikael Backlund.
2:42 of 3rd period - Deflect By Sean Couturier.
2:42 of 3rd period - Shot Blocked by Matt Greene.
3:33 of 3rd period - Icing by Kris Russell.
3:34 of 3rd period - Sean Couturier wins face-off versus Trevor Lewis in Rangers zone.
3:34 of 3rd period - Sean Couturier is hit by Dwight King.
3:54 of 3rd period - Shot by Tyler Ennis.
3:54 of 3rd period - Stopped by Eddie Lack without a rebound.
3:55 of 3rd period - Trevor Lewis wins face-off versus Tyler Ennis in BlackHawks zone.
3:55 of 3rd period - Trevor Lewis is hit by Tyler Ennis.
4:16 of 3rd period - Shot by Alex Galchenyuk.
4:16 of 3rd period - Shot Misses the Net.
4:32 of 3rd period - Shot by Alex Galchenyuk.
4:32 of 3rd period - Stopped by Brian Elliott without a rebound.
4:33 of 3rd period - Nathan Horton wins face-off versus Frans Nielsen in Rangers zone.
4:33 of 3rd period - Alexei Emelin is hit by Bryan Allen and loses puck.
4:52 of 3rd period - Shot by Frans Nielsen.
4:52 of 3rd period - Stopped by Eddie Lack without a rebound.
4:53 of 3rd period - Lars Eller wins face-off versus Sean Couturier in BlackHawks zone.
5:10 of 3rd period - Craig Smith is hit by Luke Schenn and loses puck.
7:01 of 3rd period - Shot by Trevor Lewis.
7:01 of 3rd period - Stopped by Brian Elliott without a rebound.
7:02 of 3rd period - Lars Eller wins face-off versus Tomas Tatar in Rangers zone.
7:31 of 3rd period - Shot by Alex Galchenyuk.
7:31 of 3rd period - Stopped by Brian Elliott with a rebound.
7:48 of 3rd period - Off-side.
7:49 of 3rd period - Sean Couturier wins face-off versus Brandon Bollig in neutral zone.
7:49 of 3rd period - Mikael Backlund is hit by Zack Kassian and loses puck.
8:14 of 3rd period - Matt Greene is hit by Craig Smith and loses puck.
8:41 of 3rd period - Shot by Jarred Tinordi.
8:41 of 3rd period - Shot Blocked by Alex Goligoski.
9:03 of 3rd period - Dion Phaneuf is hit by Mikael Backlund.
9:12 of 3rd period - Dwight King is hit by Kris Russell and loses puck.
9:29 of 3rd period - Shot by Frans Nielsen.
9:29 of 3rd period - Shot Blocked by Dion Phaneuf.
9:39 of 3rd period - Shot by Frans Nielsen.
9:39 of 3rd period - Stopped by Eddie Lack without a rebound.
9:40 of 3rd period - David Legwand wins face-off versus Lars Eller in BlackHawks zone.
9:41 of 3rd period - Shot by Derek Morris.
9:41 of 3rd period - Shot Misses the Net.
10:06 of 3rd period - Shot by Tomas Tatar.
10:06 of 3rd period - Stopped by Eddie Lack without a rebound.
10:07 of 3rd period - Nathan Horton wins face-off versus Frans Nielsen in BlackHawks zone.
10:07 of 3rd period - Nathan Horton is hit by Frans Nielsen.
10:42 of 3rd period - Shot by Luke Schenn.
10:42 of 3rd period - Shot Misses the Net.
10:57 of 3rd period - Off-side.
10:58 of 3rd period - David Legwand wins face-off versus Alex Galchenyuk in neutral zone.
11:29 of 3rd period - David Legwand is hit by Kevin Bieksa and loses puck.
11:41 of 3rd period - Minor Penalty to Tomas Tatar for Interference.
11:42 of 3rd period - Sean Couturier wins face-off versus Lars Eller in Rangers zone.
11:53 of 3rd period - Shot by Dwight King.
11:53 of 3rd period - Stopped by Brian Elliott without a rebound.
11:54 of 3rd period - Sean Couturier wins face-off versus Alex Galchenyuk in Rangers zone.
12:02 of 3rd period - Off-side.
12:03 of 3rd period - Sean Couturier wins face-off versus Lars Eller in neutral zone.
12:06 of 3rd period - David Clarkson is hit by Mikael Backlund.
12:12 of 3rd period - Shot by Dwight King.
12:12 of 3rd period - Stopped by Brian Elliott with a rebound.
12:14 of 3rd period - Shot by Jarred Tinordi.
12:14 of 3rd period - Shot Blocked by Chris Tanev.
13:45 of 3rd period - Icing by Kevin Bieksa.
13:46 of 3rd period - Trevor Lewis wins face-off versus David Legwand in BlackHawks zone.
14:04 of 3rd period - Shot by Derek Morris.
14:04 of 3rd period - Stopped by Eddie Lack without a rebound.
14:05 of 3rd period - Nathan Horton wins face-off versus Frans Nielsen in BlackHawks zone.
14:38 of 3rd period - Icing by Jarred Tinordi.
14:39 of 3rd period - Nathan Horton wins face-off versus Sean Couturier in BlackHawks zone.
14:41 of 3rd period - Icing by Dion Phaneuf.
14:42 of 3rd period - Nathan Horton wins face-off versus Sean Couturier in BlackHawks zone.
15:05 of 3rd period - Shot by Sean Couturier.
15:05 of 3rd period - Stopped by Eddie Lack without a rebound.
15:06 of 3rd period - Lars Eller wins face-off versus Frans Nielsen in BlackHawks zone.
15:17 of 3rd period - Shot by Chris Stewart.
15:17 of 3rd period - Stopped by Brian Elliott without a rebound.
15:18 of 3rd period - Rene Bourque wins face-off versus Sean Couturier in Rangers zone.
15:39 of 3rd period - Shot by Zack Kassian.
15:39 of 3rd period - Stopped by Brian Elliott with a rebound.
15:45 of 3rd period - Shot by Rene Bourque.
15:45 of 3rd period - Shot Blocked by Sean Couturier.
15:50 of 3rd period - Craig Smith is hit by Luke Schenn and loses puck.
16:50 of 3rd period - Frans Nielsen is hit by Alexei Emelin and loses puck.
17:09 of 3rd period - Shot by Karl Alzner.
17:09 of 3rd period - Goal by Karl Alzner - BlackHawks : 1 - Rangers : 1.
17:10 of 3rd period - Trevor Lewis wins face-off versus David Legwand in neutral zone.
17:10 of 3rd period - Minor Penalty to Devin Setoguchi for Charging.
17:11 of 3rd period - Sean Couturier wins face-off versus Lars Eller in Rangers zone.
17:17 of 3rd period - Icing by Dwight King.
17:18 of 3rd period - Sean Couturier wins face-off versus Lars Eller in BlackHawks zone.
17:25 of 3rd period - Shot by Mikael Backlund.
17:25 of 3rd period - Shot Misses the Net.
17:31 of 3rd period - Shot by Sean Couturier.
17:31 of 3rd period - Stopped by Eddie Lack without a rebound.
17:32 of 3rd period - Sean Couturier wins face-off versus Alex Galchenyuk in BlackHawks zone.
17:55 of 3rd period - Shot by Luke Schenn.
17:55 of 3rd period - Stopped by Brian Elliott without a rebound.
17:56 of 3rd period - Lars Eller wins face-off versus Sean Couturier in Rangers zone.
17:56 of 3rd period - Lars Eller is hit by Chris Tanev.
18:00 of 3rd period - Shot by Jarred Tinordi.
18:00 of 3rd period - Goal by Jarred Tinordi - BlackHawks : 2 - Rangers : 1.
18:01 of 3rd period - Frans Nielsen wins face-off versus Trevor Lewis in neutral zone.
18:08 of 3rd period - Shot by Kris Russell.
18:08 of 3rd period - Stopped by Eddie Lack without a rebound.
18:09 of 3rd period - Lars Eller wins face-off versus Frans Nielsen in BlackHawks zone.
18:25 of 3rd period - Alex Goligoski is hit by Jarred Tinordi and loses puck.
18:31 of 3rd period - Tyler Ennis is hit by Dion Phaneuf and loses puck.
19:18 of 3rd period - Shot by Trevor Lewis.
19:18 of 3rd period - Shot Misses the Net.
19:20 of 3rd period - Shot by Matt Greene.
19:20 of 3rd period - Stopped by Brian Elliott without a rebound.
19:21 of 3rd period - Sean Couturier wins face-off versus Brandon Bollig in Rangers zone.
19:28 of 3rd period - Rangers, Brian Elliott is pulled from the net.
19:30 of 3rd period - Shot by Alex Goligoski.
19:30 of 3rd period - Stopped by Eddie Lack without a rebound.
19:31 of 3rd period - Frans Nielsen wins face-off versus Brandon Bollig in BlackHawks zone.
19:44 of 3rd period - Shot by Craig Smith.
19:44 of 3rd period - Deflect By Frans Nielsen.
19:44 of 3rd period - Shot Misses the Net.
Goals for this period are 1 for BlackHawks vs 1 for Rangers.
Shots for this period are 10 for BlackHawks vs 13 for Rangers.


Output by the SimonT Hockey Simulator (STHS) for Stephane Roy -- Original Page W3C XHTML 1.0 Valid
Hockey Simulator - Hockey Simulation - Hockey Manager